 Dungeon Crawl Stone Soup version 0.29.1-2-gbd0b4ee654 (webtiles) character file.

Game seed: 16463021547568901333

3074 safid the Skirmisher (level 9, -3/71 (81) HPs)
             Began as a Minotaur Hunter on Nov 23, 2022.
             Was an Elder of Okawaru.
             Slain by a wight
             ... wielding a +3 flail
              (8 damage)
             ... on level 8 of the Dungeon.
             The game lasted 00:16:56 (9330 turns).

safid the Skirmisher (Minotaur Hunter)              Turns: 9330, Time: 00:16:57

HP:   -3/71 (81)    AC: 11    Str: 15    XL:     9   Next: 58%
MP:   0/8           EV: 10    Int:  6    God:    Okawaru [****..]
Gold: 392           SH:  0    Dex: 25    Spells: 8/8 levels left

rFire   . . .      SeeInvis .   a - +0 shortbow
rCold   . . .      Faith    .   (shield currently unavailable)
rNeg    . . .      Spirit   +   n - +1 scale mail "Niukon" {rElec Dex+6}
rPois   .          Reflect  .   (helmet restricted)
rElec   +          Harm     .   (no cloak)
rCorr   .          Rampage  .   (no gloves)
Will    +....                   (no boots)
Stlth   +.........              w - amulet of guardian spirit
HPRegen 0.21/turn               b - ring of willpower
MPRegen 0.11/turn               d - +4 ring of protection

@: heavily drained
A: horns 2, retaliatory headbutt
a: Renounce Religion, Heroism, Finesse


You were on level 8 of the Dungeon.
You worshipped Okawaru.
Okawaru was greatly pleased with you.
You visited 2 branches of the dungeon, and saw 9 of its levels.
You also visited: Sewer.

You collected 392 gold pieces.

Inventory:

Hand Weapons
 a - a +0 shortbow (weapon)
Armour
 n - the +1 scale mail "Niukon" (worn) {rElec Dex+6}
   (You found it on level 3 of the Dungeon)

   Dex:       It affects your dexterity (+6).
   rElec:     It insulates you from electricity.
Jewellery
 b - a ring of willpower (left hand)
 d - a +4 ring of protection (right hand)
 w - an amulet of guardian spirit (around neck)
Wands
 z - a wand of quicksilver (3)
Scrolls
 c - 3 scrolls of fear
 e - 2 scrolls of brand weapon {unknown}
 j - 2 scrolls of poison {unknown}
 m - 3 scrolls of teleportation
 p - 2 scrolls of blinking {unknown}
 s - 2 scrolls of vulnerability {unknown}
 v - a scroll of magic mapping {unknown}
 y - 3 scrolls of enchant weapon
Potions
 f - 2 potions of cancellation {unknown}
 g - a potion of curing
 h - a potion of resistance {unknown}
 i - a potion of heal wounds {unknown}
 l - 3 potions of lignification {unknown}
 o - 3 potions of brilliance {unknown}
 q - 2 potions of might {unknown}
 r - 2 potions of haste {unknown}
 t - 5 potions of mutation
 u - 5 potions of flight
 x - a potion of attraction {unknown}


   Skills:
 - Level 8.0 Fighting
 + Level 13.5 Ranged Weapons
 - Level 2.1 Dodging
 - Level 0.7 Stealth


You had 8 spell levels left.
You didn't know any spells.
Your spell library contained the following spells:

 Spells                   Type           Power      Damage    Failure   Level
 Magic Dart               Conj           0%         1d3       91%         1
 Searing Ray              Conj           0%         2d4       97%         2
 Conjure Flame            Conj/Fire      0%         6-21      99%         3
 Ignite Poison            Fire/Tmut/Pois 0%         N/A       99%         3
 Fulminant Prism          Conj/Hex       0%         3d6       100%        4
 Sticky Flame             Conj/Fire      0%         2d3       100%        4


Dungeon Overview and Level Annotations

Branches:
Dungeon (8/15)             Temple (1/1) D:4           Sewer (visited)
   Lair: D:8-11

Altars:
Ashenzari
Cheibriados
Dithmenos
Elyvilon
Gozag
Kikubaaqudgha
Okawaru
Qazlal
Ru
Sif Muna
Trog
Uskayaw
Vehumet
Wu Jian


Innate Abilities, Weirdness & Mutations

You have a pair of horns on your head.
You reflexively headbutt those who attack you in melee.


Message History

You feel drained.
* * * LOW HITPOINT WARNING * * *
Fire: a) +0 shortbow
Press: ? - help, Q - select action, (/) - cycle Shift-Dir - straight line, f/p - wight
Aim: a wight, wielding a +3 flail and wearing a +0 robe (severely damaged, 73% to hit)
You shoot an arrow. The arrow closely misses the wight.
The wight misses you.
Unknown command.
Fire: a) +0 shortbow
Press: ? - help, Q - select action, (/) - cycle Shift-Dir - straight line, f/p - wight
Aim: a wight, wielding a +3 flail and wearing a +0 robe (severely damaged, 73% to hit)
You shoot an arrow.
The arrow hits the wight but does no damage.
The wight is severely damaged.
The wight closely misses you.
Fire: a) +0 shortbow
Press: ? - help, Q - select action, (/) - cycle Shift-Dir - straight line, f/p - wight
Aim: a wight, wielding a +3 flail and wearing a +0 robe (severely damaged, 73% to hit)
You shoot an arrow. The arrow closely misses the wight.
The wight barely misses you.
Fire: a) +0 shortbow
Press: ? - help, Q - select action, (/) - cycle Shift-Dir - straight line, f/p - wight
Aim: a wight, wielding a +3 flail and wearing a +0 robe (severely damaged, 73% to hit)
You shoot an arrow.
The arrow hits the wight but does no damage.
The wight is severely damaged.
The wight hits you with a +3 flail!
* * * LOW HITPOINT WARNING * * *
Fire: a) +0 shortbow
Press: ? - help, Q - select action, (/) - cycle Shift-Dir - straight line, f/p - wight
Aim: a wight, wielding a +3 flail and wearing a +0 robe (severely damaged, 73% to hit)
You shoot an arrow. The arrow hits the wight.
The wight is severely damaged.
The wight barely misses you.
Fire: a) +0 shortbow
Press: ? - help, Q - select action, (/) - cycle Shift-Dir - straight line, f/p - wight
Aim: a wight, wielding a +3 flail and wearing a +0 robe (severely damaged, 73% to hit)
You shoot an arrow. The arrow barely misses the wight.
The wight hits you with a +3 flail!
You die...

#.#.#.#.......
#.#)#.#.......
#.#)#'#.......
#.#..........
#.#......###
#.#...z..#
#.#.##........
#.#z##........
#.#@##........
#.#.##.......z
#.#.##########
#.#.# #.#.#
###.#.#
#.))#.#
#..<#.# #...#


You could see a wight.

Vanquished Creatures
  An unseen horror zombie (D:7)
  A water moccasin (D:5)
  2 ice beasts
  A hornet zombie (D:7)
  An ogre (D:5)
  2 phantoms (D:6)
  A kobold brigand (D:6)
  2 bullfrogs
  3 scorpions
  13 wights
  4 killer bees
  A howler monkey (D:6)
  A bullfrog zombie (D:7)
  A centaur zombie (D:7)
  3 jellies
  A gnoll bouda (D:6)
  3 orc priests
  4 hounds
  2 iguanas (D:5)
  Jessica (D:2)
  5 orc wizards
  A killer bee zombie (D:7)
  7 gnolls
  7 adders
  3 river rats (Sewer)
  A shadow imp (D:6)
  4 worms
  2 dart slugs
  18 orcs
  18 bats
  7 endoplasms
  9 giant cockroaches
  10 goblins
  A hobgoblin (D:3)
  2 jackals (Sewer)
  17 kobolds
  6 quokkas
  14 ball pythons
  11 frilled lizards
  10 rats
201 creatures vanquished.

Vanquished Creatures (others)
  A withered plant (D:7)
1 creature vanquished.

Grand Total: 202 creatures vanquished

Notes
Turn   | Place    | Note
-------+----------+-------------------------------------------
     0 | D:1      | safid the Minotaur Hunter began the quest for the Orb.
     0 | D:1      | Reached XP level 1. HP: 18/18 MP: 0/0
    42 | D:1      | Reached XP level 2. HP: 26/26 MP: 1/1
   381 | D:1      | Reached skill level 5 in Ranged Weapons
   381 | D:1      | Reached XP level 3. HP: 31/31 MP: 2/2
   426 | D:1      | Found a faded altar of an unknown god.
  1084 | D:2      | Noticed a phantom
  1125 | D:2      | Noticed Jessica
  1136 | D:2      | Killed Jessica
  1137 | D:2      | Reached XP level 4. HP: 22/40 MP: 3/3
  1966 | D:3      | Identified the +1 scale mail "Niukon" {rElec Dex+6}
  2048 | D:3      | Reached XP level 5. HP: 39/47 MP: 4/4
  2699 | D:4      | Found a staircase to the Ecumenical Temple.
  2708 | Temple   | Entered the Ecumenical Temple
  2884 | Temple   | Became a worshipper of Warmaster Okawaru
  2992 | D:4      | Reached skill level 5 in Fighting
  2992 | D:4      | Reached skill level 6 in Ranged Weapons
  3003 | D:4      | HP: 1/48 [orc/+0 mace (7)]
  3899 | D:5      | Entered Level 5 of the Dungeon
  3905 | D:5      | Noticed a water moccasin
  3916 | D:5      | Killed a water moccasin
  3916 | D:5      | Reached * piety under Okawaru
  3917 | D:5      | Reached XP level 6. HP: 41/57 MP: 5/5
  4038 | D:5      | Noticed an ice beast
  4050 | D:5      | Killed an ice beast
  4051 | D:5      | Reached skill level 7 in Ranged Weapons
  4061 | D:5      | Found a broken altar of Ashenzari.
  4065 | D:5      | Found a glowing drain.
  4082 | Sewer    | Entered a sewer
  4191 | Sewer    | Reached XP level 7. HP: 56/64 MP: 6/6
  5227 | D:5      | Reached ** piety under Okawaru
  5234 | D:5      | Reached skill level 8 in Ranged Weapons
  5974 | D:6      | Found a snail-covered altar of Cheibriados.
  5985 | D:6      | Reached XP level 8. HP: 55/74 MP: 3/7
  6116 | D:6      | Reached skill level 9 in Ranged Weapons
  6617 | D:6      | Reached skill level 10 in Ranged Weapons
  7021 | D:6      | Reached *** piety under Okawaru
  7605 | D:7      | Reached skill level 11 in Ranged Weapons
  7671 | D:7      | Reached XP level 9. HP: 45/81 MP: 5/8
  7683 | D:7      | HP: 1/81 [orc priest/divine providence (15)]
  8028 | D:7      | Reached skill level 12 in Ranged Weapons
  9257 | D:7      | Reached **** piety under Okawaru
  9258 | D:7      | Reached skill level 13 in Ranged Weapons
  9309 | D:8      | Found a shimmering blue altar of Sif Muna.
  9322 | D:8      | HP: 3/73 [wight/+3 flail (12)]
  9330 | D:8      | Slain by a wight

Illustrated notes

Levels and vault maps discovered:
D:1:      psy_arrival_heroes, layout_basic, serial_glass, glass_columns_b,
          glass_columns_a, chequers_ecumenical_altar_simple,
          minmay_strange_pillars
D:2:      layout_basic, chequers_serial_rivers_micro_a, st_stairs_8,
          lightli_corner_chamber, uniq_jessica
D:3:      kennysheep_six_static_rooms, layout_loops_corners,
          minmay_misc_feat_ornament, nicolae_kite_square_tiling_tiny
D:4:      layout_gridville, minmay_temple_entry_large_hall, minmay_bisected
D:5:      layout_layer_cave, mainiacjoe_overflow_cross_hatched,
          portal_sewer_entry_f
D:6:      layout_rooms, cheibriados_altar_1
D:7:      layout_loops_cross, serial_undead, serial_undead_a, serial_undead_c,
          serial_undead_c, serial_undead_d
D:8:      layout_basic, grunt_temple_overflow_champion_of_chaos,
          mainiacjoe_overflow_surrounded_room, gammafunk_temple_overflow_statue,
          gammafunk_ghost_split, enter_ossuary_5
Temple:   grunt_temple_mini_profane

Skill      XL: |  1  2  3  4  5  6  7  8  9 |
---------------+----------------------------+-----
Fighting       | 3 4 6 8 |  8.0
Ranged Weapons | 5 6 7 8 11 13 | 13.5
Dodging        | |  2.1
Stealth        | |  0.7

Action                   |  1- 3 |  4- 6 |  7- 9 || total
-------------------------+-------+-------+-------++-------
 Fire: Shortbow          |   125 |   180 |   371 ||   676
Invok: Heroism           |       |       |     1 ||     1
  Use: Scroll            |       |       |     8 ||     8
       Potion            |       |       |     3 ||     3
Armor: Leather armour    |     7 |       |       ||     7
       Scale mail        |     9 |    46 |   153 ||   208
Dodge: Dodged            |    23 |    56 |   173 ||   252
